 Dungeon Crawl Stone Soup version 0.28-a0-233-gb8ca4b6547 (webtiles) character file.

Game seed: 6275327293286993389

4 skittles the Chopper (level 1, -1/18 HPs)
             Began as a Minotaur Gladiator on Aug 23, 2021.
             Slain by a quokka (4 damage)
             ... on level 1 of the Dungeon.
             The game lasted 00:00:18 (39 turns).

skittles the Chopper (Minotaur Gladiator)             Turns: 39, Time: 00:00:19

Health: -1/18      AC:  3    Str: 18    XL:     1   Next: 50%
Magic:  0/0        EV: 12    Int:  5    God:
Gold:   0          SH:  0    Dex: 11    Spells: 0/0 levels left

rFire   . . .      SeeInvis .   a - +0 war axe
rCold   . . .      Faith    .   (no shield)
rNeg    . . .      Spirit   .   b - +0 leather armour
rPois   .          Reflect  .   c - +0 hat
rElec   .          Harm     .   (no cloak)
rCorr   .          Rampage  .   (no gloves)
Will    .....                   (no boots)
Stlth   +.........              (no amulet)
HPRegen 0.06/turn               (no ring)
MPRegen 0.07/turn               (no ring)

@: no status effects
A: horns 2, retaliatory headbutt
a: no special abilities


You were on level 1 of the Dungeon.
You visited 1 branch of the dungeon, and saw 1 of its levels.

Inventory:

Hand Weapons
 a - a +0 war axe (weapon)
Missiles
 d - 3 throwing nets (quivered)
Armour
 b - a +0 leather armour (worn)
 c - a +0 hat (worn)
Scrolls
 e - a scroll of teleportation {unknown}


   Skills:
 * Level 2.6 Fighting
 * Level 3.8 Axes
 - Level 2.0 Throwing
 + Level 0.3 Armour
 - Level 3.2 Dodging


You couldn't memorise any spells.
You didn't know any spells.
Your spell library was empty.

Dungeon Overview and Level Annotations

Branches:
Dungeon (1/15)

Altars:


Innate Abilities, Weirdness & Mutations

You have a pair of horns on your head.
You reflexively headbutt those who attack you in melee.


Message History

You hit the rat.
You kill the rat!
You miss the bat. The bat hits you but does no damage.
You hit the kobold but do no damage. You closely miss the bat.
The bat closely misses you. You furiously retaliate!
You headbutt the bat.
You kill the bat!
The kobold hits you with a +0 whip.
You barely miss the kobold. Your headbutt misses the kobold.
The kobold hits you with a +0 whip. The kobold closely misses you.
You barely miss the kobold. The kobold hits you with a +0 whip.
* * * LOW HITPOINT WARNING * * *
You are too injured to fight recklessly!
You are too injured to fight recklessly!
You are too injured to fight recklessly!
You are too injured to fight recklessly!
You are too injured to fight recklessly!
You are too injured to fight recklessly!
You are too injured to fight recklessly!
You closely miss the kobold. The kobold hits you with a +0 whip.
* * * LOW HITPOINT WARNING * * *
You barely miss the kobold. Your headbutt misses the kobold.
The kobold barely misses you. The kobold misses you. The bat misses you.
You furiously retaliate!
You headbutt the bat.
You kill the bat!
You closely miss the kobold. You headbutt the kobold.
You kill the kobold!
Things that are here:
a +0 whip; 4 stones A quokka comes into view.
You see here a scroll labelled ESUSYA UHEUCA.
e - a scroll labelled ESUSYA UHEUCA As you open the door, it creaks loudly!
A goblin and a kobold come into view.
The goblin shouts!
The kobold shouts!
The quokka bites you.
* * * LOW HITPOINT WARNING * * *
The quokka misses you. You furiously retaliate!
You headbutt the quokka, but do no damage.
The quokka bites you.
You die...

#.........#
#...).....#
#..†......#
#####.....#
#.....# #.....#
##+## #.....#
.g....##r....#
..K...'.@.####
......###..#####.
..... #..........
##.. #.#######..
#..###.#.....#
#............#
#...#######..#
#.. #....<#..# #.
#..#.....#


You could see a quokka, a goblin and a kobold.

Vanquished Creatures
  A kobold (D:1)
  2 bats (D:1)
  A rat (D:1)
4 creatures vanquished.

Notes
Turn   | Place    | Note
-------+----------+-------------------------------------------
     0 | D:1      | skittles the Minotaur Gladiator began the quest for the
                  | Orb.
     0 | D:1      | Reached XP level 1. HP: 18/18 MP: 0/0
    39 | D:1      | Slain by a quokka

Illustrated notes

Levels and vault maps discovered:
D:1:      ebering_hopf_link, layout_basic, kennysheep_small_spiral,
          minmay_hexomino_p4

Action                   || total
-------------------------++-------
Melee: War axe           ||     7
       Headbutt          ||     1
Armor: Leather armour    ||     4
Dodge: Dodged            ||     8

Table legend: (Time is in decaauts)
 A = Elapsed time spent in this place.
 B = Non-inter-level travel time spent in this place.
 C = Inter-level travel time spent in this place.
 D = Time resting spent in this place.
 E = Time spent auto-exploring this place.
 F = Levels seen in this place.
 G = Mean time per level.
                   A        B        C        D        E       F      G
               +--------+--------+--------+--------+--------+-----+--------+
         Total |     41 |     41 |      0 |      0 |     15 |   1 |   41.0 |
       Dungeon |     41 |     41 |      0 |      0 |     15 |   1 |   41.0 |
               +--------+--------+--------+--------+--------+-----+--------+

Top non-repeatable levels by time:
     D:1: 41 daAuts
